 Dungeon Crawl Stone Soup version 0.20.1-1-g8b1a95d (webtiles) character file.

39 vatarom the Insei (level 3, 17/26 HPs)
             Began as a Demonspawn Transmuter on Sept 21, 2017.
             Quit the game on level 2 of the Dungeon.
             The game lasted 00:02:52 (1317 turns).

vatarom the Insei (Demonspawn Transmuter)           Turns: 1317, Time: 00:02:54

Health: 17/26      AC:  2    Str: 10    XL:     3   Next: 26%
Magic:  5/6        EV: 13    Int: 14    God:
Gold:   19         SH:  0    Dex: 14    Spells: 0/6 levels left

rFire    . . .     SeeInvis .     - Unarmed
rCold    . . .     Gourm    .   (no shield)
rNeg     . . .     Faith    .   b - +0 robe
rPois    .         Spirit   .   (no helmet)
rElec    .         Reflect  .   (no cloak)
rCorr    .         Harm     .   (no gloves)
MR       .....                  (no boots)
Stlth    +.........             (no amulet)
Regen    0.1/turn               (no ring)
MPRegen  0.1/turn               (no ring)

@: appendage
A: horns 2, talons 1
a: End Transformation


You were on level 2 of the Dungeon.
You were not hungry.
You had grown temporary horns.
You visited 1 branch of the dungeon, and saw 2 of its levels.

You collected 19 gold pieces.

Inventory:

Missiles
 a - 37 arrows
Armour
 b - a +0 robe (worn)
Scrolls
 f - a scroll of teleportation
 g - a scroll of recharging {unknown}
 i - a scroll of identify
 j - a scroll of enchant weapon {unknown}
Potions
 e - a potion of flight
Books
 c - a book of Changes

   Spells                             Type                      Level
   a - Beastly Appendage              Transmutation                1
   b - Sticks to Snakes               Transmutation                2
   c - Spider Form                    Transmutation/Poison         3
   d - Ice Form                       Ice/Transmutation            4
   e - Blade Hands                    Transmutation                5
Comestibles
 d - 2 bread rations
 h - 3 fruits
 k - 9 chunks of flesh
 l - a royal jelly


   Skills:
 + Level 1.6 Fighting
 + Level 2.4 Dodging
 * Level 3.3 Unarmed Combat
 - Level 2.0 Spellcasting
 - Level 1.7 Transmutations


You couldn't memorise any spells.
You knew the following spells:

 Your Spells              Type           Power        Failure   Level  Hunger
a - Beastly Appendage     Tmut           #.....       12%         1    ##.....
b - Sticks to Snakes      Tmut           #.......     17%         2    ###....
c - Spider Form           Tmut/Pois      #.........   45%         3    ####...


Dungeon Overview and Level Annotations

Branches:
Dungeon (2/15)

Altars:
Gozag


Innate Abilities, Weirdness & Mutations

You have sharp toenails.
You have a pair of horns on your head.


Message History

Key pressed, stopping explore.
You now have 19 gold pieces (gained 6).
k - 3 chunks of flesh (gained 1)
You see here a jackal corpse.
Key pressed, stopping explore.
k - 6 chunks of flesh (gained 3);
k - 9 chunks of flesh (gained 3)
You see here a jackal skeleton.
You open the door.
There is an open door here.
A bat comes into view.
Found a stone staircase leading down.
The bat completely misses you.
Casting: Beastly Appendage
Confirm with . or Enter, or press ? or * to list all spells.
You grow a pair of large bovine horns.
The bat hits you.
You hit the bat.
You kill the bat!
No target in view!
No target in view!
Are you sure you want to abandon this character and quit the game? (Confirm with "yes".)

########### ########
.....##...####......###
.............'.......>#
.....#.....###..@..=#
...###.....#....†####
...# #.....#.......#
...###.....#.......#
)..........#.......#
.....[.....#.......#
...........#.......#
...........#.......#
...........#


There were no monsters in sight!

Vanquished Creatures
  2 dart slugs (D:1)
  2 leopard geckos (D:1)
  3 bats
  A giant cockroach (D:2)
  3 goblins (D:1)
  A hobgoblin (D:2)
  5 jackals (D:2)
  2 quokkas
  4 frilled lizards (D:1)
  4 kobolds
  6 rats
33 creatures vanquished.

Notes
Turn   | Place    | Note
-------+----------+-------------------------------------------
     0 | D:1      | vatarom the Demonspawn Transmuter began the quest for the Orb.
     0 | D:1      | Reached XP level 1. HP: 15/15 MP: 3/3
   307 | D:1      | Mutation became permanent: You have razor-sharp toenails. [demonic ancestry]
   307 | D:1      | Gained mutation: You have claws for feet. [demonic ancestry]
   307 | D:1      | Reached XP level 2. HP: 16/21 MP: 3/5
   327 | D:1      | Reached skill level 3 in Unarmed Combat
   408 | D:1      | Learned a level 2 spell: Sticks to Snakes
  1027 | D:2      | Found an opulent altar of Gozag.
  1082 | D:2      | Reached XP level 3. HP: 22/26 MP: 6/6
  1182 | D:2      | Learned a level 3 spell: Spider Form
  1317 | D:2      | Quit the game

Skill      XL: |  1  2 |
---------------+-------+-----
Dodging        | 2 |  2.4
Unarmed Combat | 3 |  3.3
Fighting       | |  1.6
Spellcasting   | |  2.0
Transmutations | |  1.7

Action                   || total
-------------------------++-------
Melee: Unarmed           ||   105
       Kick              ||    18
       Headbutt          ||     5
       Punch             ||     2
 Cast: Beastly Appendage ||    12
       Spider Form       ||     1
  Use: Potion            ||     4
       Scroll            ||     1
 Stab: Sleeping          ||     1
  Eat: Chunk             ||     2
Armor: Robe              ||    16
       Skin              ||     2
Dodge: Dodged            ||    87
